AoeStats
← old f1sh

Oasis

509156711Analyzed
4v4 RM · 8d ago on Sep 25, 2026· 18m 10s· 8 players
Game mode
Random Map
Map size
Large (8 player)
Population
200
Speed
Normal
Resources
Standard
Victory
Conquest
Starting age
Dark Age
Ending age
Imperial Age
RankedLock teamsTeams togetherTeam positionsShared explorationLock speedFull tech treeHidden civsTurbo modeCheats
Victory
Defeat
🇭🇰 Saracens · Hong Kong SAR China
1698
+10
🇨🇳 Varangians · China
1616
+13
🇨🇳 Mongols · China
1494
+19
🇨🇳 Varangians · China
1639
-16
🇺🇸 Saracens · United States
1583
-14
🇧🇷 Huns · Brazil
1527
-12
1443
-9
Let_Me_Play
7:21 Loom
10:13 Feudal Age
11:14 Double-Bit Axe
17:25 Fletching
BruToO
9:20 Feudal Age
9:54 Double-Bit Axe
10:00 Double-Bit Axe
10:29 Horse Collar
13:15 Loom
old f1sh
8:45 Feudal Age
9:20 Double-Bit Axe
9:33 Double-Bit Axe
11:14 Horse Collar
13:54 Bloodlines
13:46 Loom
17:30 Wheelbarrow
V我50%匡扶汉室
8:33 Feudal Age
7:28 Loom
15:09 Fletching
大平果是小菜鸡父亲
5:33 Loom
8:39 Feudal Age
11:57 Fletching
13:40 Padded Archer Armor
18:29 Double-Bit Axe
白色风车
6:07 Loom
8:24 Feudal Age
10:25 Double-Bit Axe
12:57 Fletching
16:33 Horse Collar
如果去现场的不是Yo是vivi该多好
8:25 Feudal Age
9:01 Double-Bit Axe
9:18 Horse Collar
17:51 Castle Age
17:24 Bloodlines
17:21 Scale Barding Armor
18:39 Husbandry
19:02 Chain Barding Armor
星际小菜
8:46 Feudal Age
9:33 Double-Bit Axe
9:50 Horse Collar
17:10 Forging
Connection lost

Rejoining the realm…

Still unreachable

The connection could not be restored.

Session expired

The server has moved on; the page needs a fresh start.